 Dungeon Crawl Stone Soup version 0.29.0-4-gdea44cf6ec (webtiles) character file.

Game seed: 16829094545310640878

25069 qw the Blocker (level 12, -4/111 HPs)
             Began as a Troll Cinder Acolyte on Aug 30, 2022.
             Was a Believer of Okawaru.
             Slain by a 12-headed hydra (10 damage)
             ... on level 4 of the Lair of Beasts.
             The game lasted 00:06:56 (12598 turns).

qw the Blocker (Troll Cinder Acolyte)              Turns: 12598, Time: 00:06:56

Health: -4/111     AC: 10    Str: 36    XL:     12   Next: 86%
Magic:  14/14      EV: 10    Int: 11    God:    Okawaru [**....]
Gold:   824        SH: 21    Dex:  8    Spells: 13/13 levels left

rFire   . . .      SeeInvis .     - Unarmed
rCold   + . .      Faith    .   i - +2 tower shield {rN+}
rNeg    + . .      Spirit   .   g - +2 steam dragon scales
rPois   +          Reflect  .   (helmet restricted)
rElec   .          Harm     .   a - scarf {repulsion}
rCorr   +          Rampage  .   (gloves unavailable)
Will    .....                   (boots unavailable)
Stlth   ++........              w - amulet of regeneration
HPRegen 1.88/turn               s - ring of Compulsion {rPois rC+ Str+4 Int+3}
MPRegen 0.14/turn               k - ring of Vokhloef {rCorr Slay+4}

@: about to teleport, heroic, repel missiles, fire susceptible
A: large, unfitting armour, claws 3, regeneration 1, shaggy fur 1, tough skin 1,
agile 1, strong 1
a: Renounce Religion, Heroism


You were on level 4 of the Lair of Beasts.
You worshipped Okawaru.
Okawaru was pleased with you.
You visited 3 branches of the dungeon, and saw 17 of its levels.

You collected 1424 gold pieces.
You spent 600 gold pieces at shops.


Innate Abilities, Weirdness & Mutations

You are too large for most types of armour.
You have claws for hands.
Your natural rate of healing is unusually fast.
You are covered in fur. (AC +1)
You have tough skin. (AC +1)
You are agile. (Dex +4, Str/Int -1)
Your muscles are strong. (Str +4, Int/Dex -1)


   Skills:
 - Level 5.0(10.0) Fighting
 - Level 5.2(10.2) Throwing
 - Level 1.2(6.2) Armour
 - Level 2.1(7.1) Dodging
 + Level 13.8(18.8) Shields
 - Level 13.0(18.0) Unarmed Combat
 - Level 1.0 Spellcasting
 - Level 2.1 Fire Magic
 - Level 4.0 Invocations


You had 13 spell levels left.
You didn't know any spells.
Your spell library contained the following spells:

 Spells                   Type           Power      Damage    Failure   Level
 Scorch                   Fire           10%        2d5       36%         2

Inventory:

Missiles
 o - 11 large rocks (quivered)
 q - 10 boomerangs
 v - 5 javelins
Armour
 a - a scarf of repulsion (worn)
 c - the +3 hat of Pondering {ponderous, Will+ MP+10 Int+5}
   (You took it off Gastronok on level 9 of the Dungeon)

   Int:       It affects your intelligence (+5).
   MP:        It affects your magic capacity (+10).
   Will:      It increases your willpower.
 g - +2 steam dragon scales (worn)
 i - a +2 tower shield of positive energy (worn)
 n - a +0 cloak
Jewellery
 j - a ring of fire
 k - the ring of Vokhloef (right claw) {rCorr Slay+4}
   (You found it on level 3 of the Dungeon)

   [ring of slaying]

   Slay:      It affects your accuracy & damage with ranged weapons and melee
   (+4).
   rCorr:     It protects you from acid and corrosion.
 s - the ring of Compulsion (left claw) {rPois rC+ Str+4 Int+3}
   (You found it on level 6 of the Dungeon)

   [ring of poison resistance]

   Str:       It affects your strength (+4).
   Int:       It affects your intelligence (+3).
   rC:        It protects you from cold.
   rPois:     It protects you from poison.
 u - a +6 ring of strength
 w - an amulet of regeneration (around neck)
Scrolls
 f - a scroll of identify
 x - 2 scrolls of enchant weapon
Potions
 d - 2 potions of might
 e - 4 potions of mutation
 p - a potion of haste
 z - a potion of heal wounds

Dungeon Overview and Level Annotations

Branches:
Dungeon (11/15)            Temple (1/1) D:4            Lair (5/5) D:11
  Swamp (0/4) Lair:3        Snake (0/4) Lair:3        Slime (0/5) Lair:4
    Orc (0/2) D:11

Altars:
Ashenzari
Cheibriados
Dithmenos
Elyvilon
Fedhas
Gozag
Hepliaklqana
Kikubaaqudgha
Makhleb
Nemelex Xobeh
Okawaru
Qazlal
Ru
Sif Muna
Trog
Uskayaw
Vehumet
Wu Jian
Xom
Yredelemnul
Zin
The Shining One
Jiyva

Shops:
D:1 :   D:7 **   D:10 *(*(

Annotations:
Lair:4 2 transporters, qw's ghost, journeyman TeWr


Message History

The ten-headed hydra bites you. x2
The ten-headed hydra bites you but does no damage.
You claw one of the ten-headed hydra's heads off!
The nine-headed hydra grows two more!
You mangle the 11-headed hydra!!
The 11-headed hydra is heavily wounded.
The 11-headed hydra bites you! The 11-headed hydra barely misses you.
You block the 11-headed hydra's attack. x2
The 11-headed hydra closely misses you. You block the 11-headed hydra's attack.
The 11-headed hydra bites you but does no damage.
The 11-headed hydra bites you. x2; You block the 11-headed hydra's attack.
The 11-headed hydra bites you!
You claw one of the 11-headed hydra's heads off!
The ten-headed hydra grows two more!
You claw the 12-headed hydra!
The 12-headed hydra is heavily wounded.
The 12-headed hydra bites you. You block the 12-headed hydra's attack.
The 12-headed hydra bites you. The 12-headed hydra barely misses you.
The 12-headed hydra bites you. The 12-headed hydra closely misses you.
You block the 12-headed hydra's attack. The 12-headed hydra misses you.
The 12-headed hydra bites you.
You block the 12-headed hydra's attack. x2
The 12-headed hydra bites you.
12597 ||| READING scroll of teleportation.
As you read the scroll of teleportation, it crumbles to dust.
You feel strangely unstable.
You block the 12-headed hydra's attack. x2; The 12-headed hydra bites you.
The 12-headed hydra completely misses you.
The 12-headed hydra bites you. The 12-headed hydra bites you!
The 12-headed hydra closely misses you.
The 12-headed hydra bites you but does no damage. x3
You block the 12-headed hydra's attack.
The 12-headed hydra bites you but does no damage.
12598 ||| DRINKING 2 potions of heal wounds.
You feel much better. The 12-headed hydra bites you.
You block the 12-headed hydra's attack. x2
The 12-headed hydra bites you!
The 12-headed hydra bites you but does no damage.
The 12-headed hydra bites you!
The 12-headed hydra closely misses you. x2
The 12-headed hydra bites you!
The 12-headed hydra bites you but does no damage.
You block the 12-headed hydra's attack. The 12-headed hydra bites you!
You die...

................# #...........#
................###...........#
................##......>.....#
.......##..#.#/.###...........#
........#######.###...........##
.......## #.#.#............#
........# ##^.......}......P##
........# #..%(..............#
.......## #.D@(............###
........# ##..#............###
.......## ##.#..............#
........# ##...............###
........## #.....#....P.#..##..
~.~P.....# #.##.##....######...
~~~~~....#####..#..##....##.###.<
~~~~~....##........#......#.P##..
~~~~~#..P#....^..............P...


You could see a 12-headed hydra.

Vanquished Creatures
  Gastronok (D:9)
  A catoblepas (Lair:2)
  4 two-headed ogres
  4 death yaks
  Pikel (D:6)
  A cyclops (D:10)
  A gargoyle (D:6)
  3 cane toads
  An unseen horror (D:10)
  7 komodo dragons
  3 polar bears
  3 trolls
  11 blink frogs
  2 hornets
  A shadow (D:9)
  2 fire elementals (Lair:2)
  25 yaks
  Eustachio (D:6)
  9 wyverns
  2 steam dragons
  2 basilisks
  3 nagas (Lair:3)
  12 water moccasins
  4 orc warriors
  A sky beast (D:6)
  3 black bears
  A wolf (D:9)
  3 centaurs
  2 phantoms
  12 bullfrogs
  A gnoll sergeant (D:8)
  A necrophage (D:7)
  2 scorpions (D:7)
  4 wights (D:9)
  8 killer bees (D:10)
  A howler monkey (D:7)
  2 hounds (D:5)
  5 jellies
  7 orc priests
  3 gnoll boudas
  3 iguanas
  11 orc wizards
  A hell rat (D:11)
  A mummy (D:9)
  15 gnolls
  4 adders
  2 river rats (D:11)
  A shadow imp (D:7)
  3 white imps
  4 ufetubi
  A worm (D:6)
  3 dart slugs
  40 orcs
  8 bats
  2 endoplasms
  6 giant cockroaches
  14 goblins
  5 hobgoblins
  4 jackals (D:1)
  8 quokkas
  6 ball pythons
  8 frilled lizards
  7 kobolds
  8 rats
  A butterfly (Lair:3)
326 creatures vanquished.

Vanquished Creatures (others)
  5 fungi
  2 plants (Lair:3)
7 creatures vanquished.

Grand Total: 333 creatures vanquished

Notes
Turn   | Place    | Note
-------+----------+-------------------------------------------
     0 | D:1      | qw the Troll Cinder Acolyte began the quest for the Orb.
     0 | D:1      | Reached XP level 1. HP: 22/22 MP: 1/1
     0 | D:1      | 0 ||| qw: Version: 0.1-a-95-gae9e614
     0 | D:1      | 0 ||| qw: Game counter: 4440
     0 | D:1      | 0 ||| qw: Always use a shield: true
     0 | D:1      | 0 ||| qw: God list: Okawaru
     0 | D:1      | 0 ||| qw: Allow faded altars: false
     0 | D:1      | 0 ||| qw: Do Orc after D:15 true
     0 | D:1      | 0 ||| qw: Do second Lair branch before Depths: true
     0 | D:1      | 0 ||| qw: Lair rune preference: random
     0 | D:1      | 0 ||| qw: Plans: Normal
     0 | D:1      | 0 ||| PLANNING D:1-11
   153 | D:1      | Reached XP level 2. HP: 26/29 MP: 2/2
   510 | D:1      | Found Qoadoleug's Book Boutique.
   635 | D:1      | 635 ||| UPGRADING to +2 tower shield of positive energy.
   640 | D:1      | 640 ||| UPGRADING to ring of protection from cold.
   641 | D:1      | 641 ||| READING scroll labelled NEATRI OZUMUJIAL.
   642 | D:1      | 642 ||| READING 2 scrolls labelled BIPSUSSUDI.
   643 | D:1      | 643 ||| READING scroll labelled XOOMEE NENO.
   644 | D:1      | 644 ||| READING scroll labelled WEAC JOURYFF.
   648 | D:1      | 648 ||| READING scroll labelled NUNIR VEZXAZXU.
   739 | D:2      | 739 ||| Stepping ~*~*~tactically~*~*~ (stealth).
   746 | D:2      | Reached XP level 3. HP: 35/36 MP: 3/3
   761 | D:2      | 761 ||| Stepping ~*~*~tactically~*~*~ (stealth).
   765 | D:2      | 765 ||| Stepping ~*~*~tactically~*~*~ (stealth).
   766 | D:2      | 766 ||| Stepping ~*~*~tactically~*~*~ (stealth).
   776 | D:2      | 776 ||| Stepping ~*~*~tactically~*~*~ (stealth).
   830 | D:2      | Found a faded altar of an unknown god.
   837 | D:2      | Reached skill level 1 in Shields
  1289 | D:2      | 1289 ||| Stepping ~*~*~tactically~*~*~ (hiding).
  1453 | D:2      | 1453 ||| READING scroll labelled SYQIAKYXKOE.
  1454 | D:2      | 1454 ||| DRINKING 2 cyan potions.
  1499 | D:3      | Identified the ring of Vokhloef {rCorr Slay+4}
  1547 | D:3      | 1547 ||| Stepping ~*~*~tactically~*~*~ (outnumbered).
  1549 | D:3      | 1549 ||| Stepping ~*~*~tactically~*~*~ (outnumbered).
  1550 | D:3      | 1550 ||| Stepping ~*~*~tactically~*~*~ (outnumbered).
  1551 | D:3      | 1551 ||| Stepping ~*~*~tactically~*~*~ (outnumbered).
  1597 | D:3      | Reached XP level 4. HP: 21/44 MP: 4/4
  1603 | D:3      | 1603 ||| FLEEEEING.
  1673 | D:3      | 1673 ||| Stepping ~*~*~tactically~*~*~ (hiding).
  1876 | D:3      | You fall into a shaft and drop 2 floors!
  1876 | D:5      | Entered Level 5 of the Dungeon
  1891 | D:5      | Found a radiant altar of Vehumet.
  1934 | D:5      | Reached skill level 3 in Shields
  1943 | D:5      | 1943 ||| Stepping ~*~*~tactically~*~*~ (hiding).
  1944 | D:5      | 1944 ||| Stepping ~*~*~tactically~*~*~ (hiding).
  1947 | D:5      | 1947 ||| Stepping ~*~*~tactically~*~*~ (hiding).
  1954 | D:5      | Reached XP level 5. HP: 35/50 MP: 5/5
  1972 | D:5      | 1972 ||| Stepping ~*~*~tactically~*~*~ (hiding).
  1974 | D:5      | 1974 ||| Stepping ~*~*~tactically~*~*~ (hiding).
  1975 | D:5      | 1975 ||| Stepping ~*~*~tactically~*~*~ (hiding).
  1977 | D:5      | 1977 ||| INVOKING Fiery Armour.
  1983 | D:5      | Noticed a black bear
  1989 | D:5      | Reached XP level 6. HP: 54/59 MP: 6/6
  2015 | D:5      | 2015 ||| UPGRADING to ring of Vokhloef {rCorr Slay+4}.
  2016 | D:5      | 2016 ||| DRINKING 2 golden potions.
  2356 | D:3      | Found a sacrificial altar of Ru.
  2362 | D:3      | Found a hide-covered altar of Uskayaw.
  2431 | D:3      | 2431 ||| DRINKING 2 fuming silvery potions.
  2432 | D:3      | 2432 ||| DROPPING potion of degeneration.
  2467 | D:3      | 2467 ||| READING 2 scrolls of teleportation.
  2468 | D:3      | 2468 ||| STAIRDANCE
  2582 | D:4      | 2582 ||| Stepping ~*~*~tactically~*~*~ (stealth).
  2584 | D:4      | 2584 ||| Stepping ~*~*~tactically~*~*~ (stealth).
  2688 | D:4      | Found a staircase to the Ecumenical Temple.
  2787 | D:4      | 2787 ||| Stepping ~*~*~tactically~*~*~ (stealth).
  2902 | D:4      | 2902 ||| Stepping ~*~*~tactically~*~*~ (stealth).
  2952 | D:4      | 2952 ||| DROPPING ring of willpower.
  2953 | D:4      | 2953 ||| UPGRADING to +6 ring of strength.
  2955 | D:4      | 2955 ||| DROPPING ring of protection from cold.
  2956 | D:4      | 2956 ||| READING scroll labelled AMUCHO NUNN.
  2957 | D:4      | 2957 ||| READING scroll labelled ZIGOCL HAQUGAG.
  2958 | D:4      | 2958 ||| DRINKING 2 sedimented ruby potions.
  2959 | D:4      | 2959 ||| DROPPING potion of magic.
  3204 | D:5      | Reached skill level 6 in Shields
  3204 | D:5      | Reached XP level 7. HP: 51/66 MP: 7/7
  3313 | D:5      | 3313 ||| READING scroll labelled FYV MASIRUQAU.
  3431 | D:6      | 3431 ||| PLANNING SEWER
  3433 | D:6      | Noticed a steam dragon
  3442 | D:6      | Killed a steam dragon
  3444 | D:6      | 3444 ||| Stepping ~*~*~tactically~*~*~ (stealth).
  3470 | D:6      | Identified the ring of Compulsion {rPois rC+ Str+4 Int+3}
  3503 | D:6      | 3503 ||| Stepping ~*~*~tactically~*~*~ (hiding).
  3506 | D:6      | 3506 ||| Stepping ~*~*~tactically~*~*~ (outnumbered).
  3513 | D:6      | 3513 ||| DRINKING 2 potions of curing.
  3513 | D:6      | 3513 ||| (to cure confusion)
  3517 | D:6      | Reached skill level 1 in Throwing
  3519 | D:6      | 3519 ||| Stepping ~*~*~tactically~*~*~ (stealth).
  3520 | D:6      | Noticed Pikel
  3521 | D:6      | 3521 ||| Stepping ~*~*~tactically~*~*~ (hiding).
  3523 | D:6      | 3523 ||| Stepping ~*~*~tactically~*~*~ (stealth).
  3535 | D:6      | 3535 ||| INVOKING Fiery Armour.
  3536 | D:6      | 3536 ||| Stepping ~*~*~tactically~*~*~ (outnumbered).
  3537 | D:6      | 3537 ||| Stepping ~*~*~tactically~*~*~ (outnumbered).
  3538 | D:6      | 3538 ||| Stepping ~*~*~tactically~*~*~ (outnumbered).
  3542 | D:6      | Killed Pikel
  3543 | D:6      | Reached XP level 8. HP: 26/74 MP: 8/8
  3607 | D:6      | Noticed Eustachio
  3617 | D:6      | Killed Eustachio
  3883 | D:6      | Reached skill level 6 in Unarmed Combat
  3905 | D:6      | 3905 ||| Stepping ~*~*~tactically~*~*~ (stealth).
  3907 | D:6      | 3907 ||| Stepping ~*~*~tactically~*~*~ (stealth).
  3909 | D:6      | 3909 ||| Stepping ~*~*~tactically~*~*~ (hiding).
  3918 | D:6      | 3918 ||| Stepping ~*~*~tactically~*~*~ (outnumbered).
  3920 | D:6      | 3920 ||| Stepping ~*~*~tactically~*~*~ (outnumbered).
  3921 | D:6      | 3921 ||| Stepping ~*~*~tactically~*~*~ (outnumbered).
  3971 | D:6      | 3971 ||| Stepping ~*~*~tactically~*~*~ (stealth).
  4005 | D:6      | Noticed a gargoyle
  4010 | D:6      | Killed a gargoyle
  4011 | D:6      | Reached skill level 9 in Shields
  4011 | D:6      | Reached XP level 9. HP: 44/80 MP: 9/9
  4191 | D:6      | 4191 ||| RIP SEWER
  4202 | D:6      | 4202 ||| PLANNING D:1-11
  4315 | D:6      | 4315 ||| UPGRADING to +0 steam dragon scales.
  4325 | D:6      | 4325 ||| DROPPING +0 robe.
  4326 | D:6      | 4326 ||| READING scroll of enchant armour.
  4326 | D:6      | 4326 ||| ENCHANTING +0 steam dragon scales.
  4327 | D:6      | 4327 ||| UPGRADING to ring of Compulsion {rPois rC+ Str+4
                  | Int+3}.
  4329 | D:6      | 4329 ||| READING scroll labelled ZOAKHL YNTOD.
  4330 | D:6      | 4330 ||| READING scroll labelled MAGAICS BESM.
  4420 | D:7      | 4420 ||| Stepping ~*~*~tactically~*~*~ (hiding).
  4554 | D:7      | 4554 ||| INVOKING Fiery Armour.
  4585 | D:7      | Found Qacuo's Lightly-Used Armoury.
  4593 | D:7      | 4593 ||| SHOPLISTING -1 pearl dragon scales (1520 gold,
                  | have 399).
  4743 | D:7      | 4743 ||| Stepping ~*~*~tactically~*~*~ (hiding).
  4744 | D:7      | 4744 ||| Stepping ~*~*~tactically~*~*~ (hiding).
  4759 | D:7      | 4759 ||| Stepping ~*~*~tactically~*~*~ (stealth).
  4773 | D:7      | 4773 ||| Stepping ~*~*~tactically~*~*~ (outnumbered).
  4773 | D:7      | Found Moaroun's Neck Hole.
  4789 | D:7      | 4789 ||| BUYING +0 cloak (67 gold).
  4789 | D:7      | Bought a +0 cloak for 67 gold pieces
  4789 | D:7      | 4789 ||| SHOPLISTING amulet of reflection (450 gold, have
                  | 342).
  4789 | D:7      | 4789 ||| SHOPLISTING amulet of regeneration (450 gold, have
                  | 342).
  4789 | D:7      | 4789 ||| SHOPLISTING scarf of resistance (480 gold, have
                  | 342).
  4805 | D:7      | Found an ornate altar of the Wu Jian Council.
  4998 | D:7      | Found a shadowy altar of Dithmenos.
  5339 | D:7      | 5339 ||| UPGRADING to scarf of repulsion.
  5344 | D:7      | 5344 ||| READING 3 scrolls labelled FID CEUNAICSYX.
  5345 | D:7      | 5345 ||| READING scroll labelled SOLEH PETWONYFF.
  5346 | D:7      | 5346 ||| DRINKING 3 bubbling puce potions.
  5347 | D:7      | 5347 ||| DRINKING 3 dark potions.
  5348 | D:7      | 5348 ||| READING 3 scrolls of identify.
  5348 | D:7      | 5348 ||| IDENTIFYING emerald potion
  5349 | D:7      | 5349 ||| READING 2 scrolls of identify.
  5349 | D:7      | 5349 ||| IDENTIFYING green potion
  5350 | D:7      | 5350 ||| DROPPING 2 potions of invisibility.
  5351 | D:7      | 5351 ||| DROPPING 2 potions of brilliance.
  5352 | D:7      | 5352 ||| DROPPING 2 scrolls of poison.
  5407 | D:8      | 5407 ||| Stepping ~*~*~tactically~*~*~ (hiding).
  5417 | D:8      | 5417 ||| FLEEEEING.
  5419 | D:8      | 5419 ||| FLEEEEING.
  5420 | D:8      | 5420 ||| FLEEEEING.
  5421 | D:8      | 5421 ||| FLEEEEING.
  5424 | D:8      | 5424 ||| STAIRDANCE
  5549 | D:8      | 5549 ||| INVOKING Fiery Armour.
  5569 | D:8      | 5569 ||| FLEEEEING.
  5570 | D:8      | 5570 ||| FLEEEEING.
  5571 | D:8      | 5571 ||| FLEEEEING.
  5572 | D:8      | 5572 ||| FLEEEEING.
  5573 | D:8      | 5573 ||| FLEEEEING.
  5574 | D:8      | 5574 ||| FLEEEEING.
  5575 | D:8      | 5575 ||| FLEEEEING.
  5576 | D:8      | 5576 ||| FLEEEEING.
  5577 | D:8      | 5577 ||| FLEEEEING.
  5678 | D:8      | Found Sighi's General Store.
  5717 | D:8      | Reached skill level 3 in Fighting
  5807 | D:8      | Noticed a two-headed ogre
  5812 | D:8      | 5812 ||| INVOKING Fiery Armour.
  5813 | D:8      | Killed a two-headed ogre
  5814 | D:8      | Reached XP level 10. HP: 60/91 MP: 10/10
  5814 | D:8      | 5814 ||| FLEEEEING.
  5815 | D:8      | 5815 ||| FLEEEEING.
  5816 | D:8      | 5816 ||| FLEEEEING.
  5817 | D:8      | 5817 ||| FLEEEEING.
  5818 | D:8      | 5818 ||| FLEEEEING.
  5819 | D:8      | 5819 ||| FLEEEEING.
  5820 | D:8      | 5820 ||| FLEEEEING.
  5821 | D:8      | 5821 ||| FLEEEEING.
  5822 | D:8      | 5822 ||| FLEEEEING.
  5825 | D:8      | 5825 ||| FLEEEEING.
  5826 | D:8      | 5826 ||| FLEEEEING.
  5831 | D:8      | 5831 ||| FLEEEEING.
  5832 | D:8      | 5832 ||| FLEEEEING.
  5833 | D:8      | 5833 ||| FLEEEEING.
  5834 | D:8      | 5834 ||| FLEEEEING.
  5839 | D:8      | 5839 ||| FLEEEEING.
  5956 | D:8      | 5956 ||| INVOKING Fiery Armour.
  5985 | D:8      | Found a glowing silver altar of Zin.
  6205 | D:8      | 6205 ||| DROPPING +6 ring of dexterity.
  6206 | D:8      | 6206 ||| READING scroll labelled XEASINN FOAG.
  6207 | D:8      | 6207 ||| DRINKING 2 glowing yellow potions.
  6249 | D:8      | 6249 ||| DRINKING 2 viscous golden potions.
  6250 | D:8      | 6250 ||| DROPPING potion of lignification.
  6295 | D:9      | Found a flagged portal.
  6309 | D:9      | 6309 ||| Stepping ~*~*~tactically~*~*~ (stealth).
  6316 | D:9      | 6316 ||| Stepping ~*~*~tactically~*~*~ (hiding).
  6319 | D:9      | 6319 ||| INVOKING Fiery Armour.
  6320 | D:9      | 6320 ||| Stepping ~*~*~tactically~*~*~ (outnumbered).
  6321 | D:9      | 6321 ||| Stepping ~*~*~tactically~*~*~ (outnumbered).
  6322 | D:9      | 6322 ||| Stepping ~*~*~tactically~*~*~ (outnumbered).
  6327 | D:9      | Reached skill level 9 in Unarmed Combat
  6327 | D:9      | 6327 ||| Stepping ~*~*~tactically~*~*~ (outnumbered).
  6336 | D:9      | Reached skill level 1 in Armour
  6409 | D:9      | Noticed a two-headed ogre
  6419 | D:9      | Killed a two-headed ogre
  6483 | D:9      | Noticed a death yak
  6484 | D:9      | 6484 ||| Stepping ~*~*~tactically~*~*~ (stealth).
  6486 | D:9      | Paralysed by a hornet for 3 turns
  6489 | D:9      | 6489 ||| INVOKING Fiery Armour.
  6491 | D:9      | 6491 ||| Stepping ~*~*~tactically~*~*~ (outnumbered).
  6492 | D:9      | 6492 ||| Stepping ~*~*~tactically~*~*~ (outnumbered).
  6493 | D:9      | 6493 ||| Stepping ~*~*~tactically~*~*~ (outnumbered).
  6494 | D:9      | 6494 ||| Stepping ~*~*~tactically~*~*~ (outnumbered).
  6499 | D:9      | 6499 ||| Stepping ~*~*~tactically~*~*~ (outnumbered).
  6500 | D:9      | 6500 ||| Stepping ~*~*~tactically~*~*~ (outnumbered).
  6501 | D:9      | 6501 ||| Stepping ~*~*~tactically~*~*~ (outnumbered).
  6502 | D:9      | 6502 ||| Stepping ~*~*~tactically~*~*~ (outnumbered).
  6503 | D:9      | 6503 ||| Stepping ~*~*~tactically~*~*~ (outnumbered).
  6504 | D:9      | 6504 ||| Stepping ~*~*~tactically~*~*~ (outnumbered).
  6505 | D:9      | 6505 ||| Stepping ~*~*~tactically~*~*~ (outnumbered).
  6506 | D:9      | 6506 ||| Stepping ~*~*~tactically~*~*~ (outnumbered).
  6507 | D:9      | 6507 ||| Stepping ~*~*~tactically~*~*~ (outnumbered).
  6508 | D:9      | 6508 ||| Stepping ~*~*~tactically~*~*~ (outnumbered).
  6509 | D:9      | 6509 ||| Stepping ~*~*~tactically~*~*~ (outnumbered).
  6511 | D:9      | 6511 ||| Stepping ~*~*~tactically~*~*~ (outnumbered).
  6520 | D:9      | Killed a death yak
  6522 | D:9      | Reached skill level 1 in Dodging
  6672 | D:9      | Noticed a two-headed ogre
  6680 | D:9      | Killed a two-headed ogre
  6832 | D:9      | 6832 ||| Stepping ~*~*~tactically~*~*~ (stealth).
  6854 | D:9      | Found a snail-covered altar of Cheibriados.
  6856 | D:9      | Noticed Gastronok
  6857 | D:9      | 6857 ||| DRINKING 2 metallic red potions.
  6857 | D:9      | Gained mutation: You are agile. (Dex +4, Str/Int -1)
                  | [potion of mutation]
  6857 | D:9      | Gained mutation: Your muscles are strong. (Str +4, Int/Dex
                  | -1) [potion of mutation]
  6858 | D:9      | 6858 ||| READING 2 scrolls of teleportation.
  6877 | D:9      | 6877 ||| Stepping ~*~*~tactically~*~*~ (outnumbered).
  6878 | D:9      | 6878 ||| Stepping ~*~*~tactically~*~*~ (outnumbered).
  6884 | D:9      | 6884 ||| Stepping ~*~*~tactically~*~*~ (outnumbered).
  6885 | D:9      | 6885 ||| Stepping ~*~*~tactically~*~*~ (outnumbered).
  6886 | D:9      | 6886 ||| Stepping ~*~*~tactically~*~*~ (outnumbered).
  7107 | D:9      | 7107 ||| INVOKING Fiery Armour.
  7108 | D:9      | HP: 17/91 [Gastronok (24)]
  7109 | D:9      | 7109 ||| READING scroll of teleportation.
  7110 | D:9      | 7110 ||| DRINKING potion of heal wounds.
  7207 | D:9      | 7207 ||| Stepping ~*~*~tactically~*~*~ (hiding).
  7215 | D:9      | Killed Gastronok
  7216 | D:9      | Reached XP level 11. HP: 75/97 MP: 11/11
  7318 | D:10     | Entered Level 10 of the Dungeon
  7446 | D:10     | Found an opulent altar of Gozag.
  7484 | D:10     | Found Yssahos's Assorted Antiques.
  7487 | D:10     | 7487 ||| READING scroll of enchant armour.
  7487 | D:10     | 7487 ||| ENCHANTING +1 steam dragon scales.
  7493 | D:10     | 7493 ||| BUYING scroll of identify (46 gold).
  7493 | D:10     | Bought a scroll of identify for 46 gold pieces
  7636 | D:10     | Found Noanou's Weapon Boutique.
  7662 | D:10     | 7662 ||| Stepping ~*~*~tactically~*~*~ (stealth).
  7665 | D:10     | 7665 ||| Stepping ~*~*~tactically~*~*~ (stealth).
  7732 | D:10     | 7732 ||| Stepping ~*~*~tactically~*~*~ (stealth).
  7733 | D:10     | 7733 ||| Stepping ~*~*~tactically~*~*~ (stealth).
  7737 | D:10     | 7737 ||| Stepping ~*~*~tactically~*~*~ (outnumbered).
  7738 | D:10     | 7738 ||| Stepping ~*~*~tactically~*~*~ (outnumbered).
  7739 | D:10     | 7739 ||| Stepping ~*~*~tactically~*~*~ (outnumbered).
  7740 | D:10     | 7740 ||| Stepping ~*~*~tactically~*~*~ (outnumbered).
  7741 | D:10     | 7741 ||| Stepping ~*~*~tactically~*~*~ (outnumbered).
  7742 | D:10     | 7742 ||| Stepping ~*~*~tactically~*~*~ (outnumbered).
  7743 | D:10     | 7743 ||| Stepping ~*~*~tactically~*~*~ (outnumbered).
  7744 | D:10     | 7744 ||| Stepping ~*~*~tactically~*~*~ (outnumbered).
  7745 | D:10     | 7745 ||| Stepping ~*~*~tactically~*~*~ (outnumbered).
  7746 | D:10     | 7746 ||| Stepping ~*~*~tactically~*~*~ (outnumbered).
  7747 | D:10     | 7747 ||| Stepping ~*~*~tactically~*~*~ (outnumbered).
  7748 | D:10     | 7748 ||| Stepping ~*~*~tactically~*~*~ (outnumbered).
  7749 | D:10     | 7749 ||| Stepping ~*~*~tactically~*~*~ (outnumbered).
  7752 | D:10     | 7752 ||| Stepping ~*~*~tactically~*~*~ (outnumbered).
  7756 | D:10     | 7756 ||| Stepping ~*~*~tactically~*~*~ (outnumbered).
  7757 | D:10     | 7757 ||| Stepping ~*~*~tactically~*~*~ (outnumbered).
  7758 | D:10     | 7758 ||| Stepping ~*~*~tactically~*~*~ (outnumbered).
  7759 | D:10     | 7759 ||| Stepping ~*~*~tactically~*~*~ (outnumbered).
  7859 | D:10     | Found Ulaplaeq's General Store.
  7867 | D:10     | 7867 ||| BUYING amulet of regeneration (390 gold).
  7867 | D:10     | Bought an amulet of regeneration for 390 gold pieces
  7867 | D:10     | 7867 ||| BUYING scroll of enchant weapon (97 gold).
  7867 | D:10     | Bought a scroll of enchant weapon for 97 gold pieces
  8085 | D:10     | Found Lajowyun's Antique Weapon Boutique.
  8109 | D:10     | Noticed a two-headed ogre
  8111 | D:10     | Killed a two-headed ogre
  8116 | D:10     | 8116 ||| Stepping ~*~*~tactically~*~*~ (stealth).
  8117 | D:10     | 8117 ||| Stepping ~*~*~tactically~*~*~ (stealth).
  8120 | D:10     | 8120 ||| Stepping ~*~*~tactically~*~*~ (stealth).
  8125 | D:10     | Reached skill level 12 in Shields
  8128 | D:10     | 8128 ||| Stepping ~*~*~tactically~*~*~ (outnumbered).
  8130 | D:10     | 8130 ||| Stepping ~*~*~tactically~*~*~ (outnumbered).
  8131 | D:10     | 8131 ||| Stepping ~*~*~tactically~*~*~ (outnumbered).
  8241 | D:10     | 8241 ||| Stepping ~*~*~tactically~*~*~ (hiding).
  8242 | D:10     | 8242 ||| Stepping ~*~*~tactically~*~*~ (hiding).
  8244 | D:10     | 8244 ||| DRINKING 3 potions of curing.
  8244 | D:10     | 8244 ||| (to cure confusion)
  8253 | D:10     | 8253 ||| DRINKING 2 potions of curing.
  8253 | D:10     | 8253 ||| (to cure confusion)
  8254 | D:10     | 8254 ||| DRINKING potion of curing.
  8254 | D:10     | 8254 ||| (to cure confusion)
  8256 | D:10     | 8256 ||| Stepping ~*~*~tactically~*~*~ (outnumbered).
  8398 | D:10     | 8398 ||| DROPPING +0 robe of willpower.
  8399 | D:10     | 8399 ||| UPGRADING to amulet of regeneration.
  8404 | D:10     | 8404 ||| READING 4 scrolls of identify.
  8404 | D:10     | 8404 ||| IDENTIFYING fizzy purple potion
  8405 | D:10     | 8405 ||| READING 3 scrolls of identify.
  8405 | D:10     | 8405 ||| IDENTIFYING white potion
  8406 | D:10     | 8406 ||| READING 2 scrolls of identify.
  8406 | D:10     | 8406 ||| IDENTIFYING fizzy inky potion
  8407 | D:10     | 8407 ||| DROPPING potion of ambrosia.
  8408 | D:10     | 8408 ||| DROPPING potion of flight.
  8409 | D:10     | 8409 ||| DROPPING potion of attraction.
  8509 | D:11     | 8509 ||| FLEEEEING.
  8510 | D:11     | 8510 ||| FLEEEEING.
  8512 | D:11     | 8512 ||| FLEEEEING.
  8513 | D:11     | 8513 ||| FLEEEEING.
  8514 | D:11     | 8514 ||| FLEEEEING.
  8515 | D:11     | 8515 ||| FLEEEEING.
  8516 | D:11     | 8516 ||| FLEEEEING.
  8517 | D:11     | 8517 ||| FLEEEEING.
  8518 | D:11     | 8518 ||| FLEEEEING.
  8519 | D:11     | 8519 ||| FLEEEEING.
  8520 | D:11     | 8520 ||| FLEEEEING.
  8521 | D:11     | 8521 ||| FLEEEEING.
  8522 | D:11     | 8522 ||| FLEEEEING.
  8523 | D:11     | 8523 ||| STAIRDANCE
  8634 | D:11     | 8634 ||| STAIRDANCE
  8636 | D:10     | 8636 ||| INVOKING Fiery Armour.
  8679 | D:11     | 8679 ||| STAIRDANCE
  8714 | D:11     | 8714 ||| STAIRDANCE
  8715 | D:11     | Noticed a death yak
  8742 | D:11     | 8742 ||| STAIRDANCE
  8742 | D:11     | Noticed a death yak
  8744 | D:10     | 8744 ||| INVOKING Fiery Armour.
  8750 | D:10     | Killed a death yak
  8767 | D:11     | Noticed a death yak
  8768 | D:11     | 8768 ||| STAIRDANCE
  8776 | D:11     | 8776 ||| STAIRDANCE
  8786 | D:10     | Killed a death yak
  8794 | D:10     | Killed a death yak
  8851 | D:11     | 8851 ||| Stepping ~*~*~tactically~*~*~ (stealth).
  8901 | D:11     | 8901 ||| FLEEEEING.
  8902 | D:11     | 8902 ||| FLEEEEING.
  8903 | D:11     | 8903 ||| STAIRDANCE
  9007 | D:11     | 9007 ||| STAIRDANCE
  9046 | D:11     | Found a staircase to the Orcish Mines.
  9111 | D:11     | Found a staircase to the Lair.
  9279 | D:11     | 9279 ||| PLANNING LAIR
  9309 | Lair:1   | Entered Level 1 of the Lair of Beasts
  9320 | Lair:1   | 9320 ||| Stepping ~*~*~tactically~*~*~ (stealth).
  9323 | Lair:1   | 9323 ||| Stepping ~*~*~tactically~*~*~ (stealth).
  9333 | Lair:1   | 9333 ||| Stepping ~*~*~tactically~*~*~ (stealth).
  9336 | Lair:1   | Reached skill level 12 in Unarmed Combat
  9402 | Lair:1   | Reached XP level 12. HP: 97/109 MP: 12/12
  9455 | Lair:1   | 9455 ||| INVOKING Fiery Armour.
  9456 | Lair:1   | 9456 ||| Stepping ~*~*~tactically~*~*~ (stealth).
  9502 | Lair:1   | 9502 ||| Stepping ~*~*~tactically~*~*~ (outnumbered).
  9503 | Lair:1   | 9503 ||| Stepping ~*~*~tactically~*~*~ (outnumbered).
  9505 | Lair:1   | 9505 ||| Stepping ~*~*~tactically~*~*~ (outnumbered).
  9506 | Lair:1   | 9506 ||| Stepping ~*~*~tactically~*~*~ (outnumbered).
  9507 | Lair:1   | 9507 ||| Stepping ~*~*~tactically~*~*~ (outnumbered).
  9508 | Lair:1   | 9508 ||| Stepping ~*~*~tactically~*~*~ (outnumbered).
  9509 | Lair:1   | 9509 ||| Stepping ~*~*~tactically~*~*~ (outnumbered).
  9510 | Lair:1   | 9510 ||| Stepping ~*~*~tactically~*~*~ (outnumbered).
  9511 | Lair:1   | 9511 ||| Stepping ~*~*~tactically~*~*~ (outnumbered).
  9642 | Lair:1   | 9642 ||| PLANNING TEMPLE
  9642 | Lair:1   | 9642 ||| DROPPING ring of ice.
  9841 | Temple   | Entered the Ecumenical Temple
  9885 | Temple   | 9885 ||| PLANNING CONVERSION TO OKAWARU
  9890 | Temple   | Fell from the grace of Ignis
  9890 | Temple   | Became a worshipper of Warmaster Okawaru
  9891 | Temple   | 9891 ||| PLANNING LAIR
 10635 | Lair:2   | Noticed a catoblepas
 10636 | Lair:2   | 10636 ||| Stepping ~*~*~tactically~*~*~ (hiding).
 10645 | Lair:2   | 10645 ||| Stepping ~*~*~tactically~*~*~ (cloud).
 10649 | Lair:2   | 10649 ||| Stepping ~*~*~tactically~*~*~ (cloud).
 10650 | Lair:2   | 10650 ||| Stepping ~*~*~tactically~*~*~ (cloud).
 10651 | Lair:2   | Killed a catoblepas
 10729 | Lair:2   | Identified the +8 war axe "Wackuocw" {vorpal, Int+6}
 10781 | Lair:2   | 10781 ||| DRINKING 2 potions of cancellation.
 11371 | Lair:3   | Found a staircase to the Snake Pit.
 11372 | Lair:3   | 11372 ||| Stepping ~*~*~tactically~*~*~ (hiding).
 11374 | Lair:3   | 11374 ||| Stepping ~*~*~tactically~*~*~ (hiding).
 11375 | Lair:3   | 11375 ||| Stepping ~*~*~tactically~*~*~ (hiding).
 11380 | Lair:3   | Reached * piety under Okawaru
 11412 | Lair:3   | 11412 ||| INVOKING Heroism.
 11414 | Lair:3   | 11414 ||| Stepping ~*~*~tactically~*~*~ (stealth).
 11422 | Lair:3   | Reached skill level 1 in Invocations
 11424 | Lair:3   | 11424 ||| INVOKING Heroism.
 11523 | Lair:3   | 11523 ||| Stepping ~*~*~tactically~*~*~ (stealth).
 11524 | Lair:3   | 11524 ||| INVOKING Heroism.
 11542 | Lair:3   | 11542 ||| INVOKING Heroism.
 11543 | Lair:3   | 11543 ||| Stepping ~*~*~tactically~*~*~ (outnumbered).
 11546 | Lair:3   | 11546 ||| Stepping ~*~*~tactically~*~*~ (outnumbered).
 11554 | Lair:3   | Reached skill level 3 in Invocations
 11576 | Lair:3   | 11576 ||| Stepping ~*~*~tactically~*~*~ (stealth).
 11580 | Lair:3   | 11580 ||| Stepping ~*~*~tactically~*~*~ (stealth).
 11668 | Lair:3   | 11668 ||| INVOKING Heroism.
 11698 | Lair:3   | Found a staircase to the Swamp.
 11843 | Lair:3   | You fall into a shaft and drop 1 floor!
 11843 | Lair:4   | Found a viscous altar of Jiyva.
 11844 | Lair:4   | 11844 ||| INVOKING Heroism.
 11845 | Lair:4   | 11845 ||| Stepping ~*~*~tactically~*~*~ (stealth).
 11845 | Lair:4   | Found a staircase to the Slime Pits.
 11846 | Lair:4   | 11846 ||| Stepping ~*~*~tactically~*~*~ (stealth).
 11849 | Lair:4   | 11849 ||| Stepping ~*~*~tactically~*~*~ (outnumbered).
 11850 | Lair:4   | 11850 ||| Stepping ~*~*~tactically~*~*~ (outnumbered).
 11852 | Lair:4   | 11852 ||| Stepping ~*~*~tactically~*~*~ (outnumbered).
 11853 | Lair:4   | 11853 ||| Stepping ~*~*~tactically~*~*~ (outnumbered).
 11854 | Lair:4   | 11854 ||| Stepping ~*~*~tactically~*~*~ (outnumbered).
 11855 | Lair:4   | 11855 ||| Stepping ~*~*~tactically~*~*~ (outnumbered).
 11856 | Lair:4   | 11856 ||| Stepping ~*~*~tactically~*~*~ (outnumbered).
 11857 | Lair:4   | 11857 ||| Stepping ~*~*~tactically~*~*~ (outnumbered).
 11859 | Lair:4   | 11859 ||| INVOKING Heroism.
 11863 | Lair:4   | Reached ** piety under Okawaru
 11889 | Lair:4   | 11889 ||| INVOKING Heroism.
 12097 | Lair:4   | Found a transporter.
 12107 | Lair:4   | Noticed qw's ghost (journeyman TeWr)
 12138 | Lair:4   | Found a bloodstained altar of Trog.
 12152 | Lair:4   | Found a transporter.
 12541 | Lair:4   | 12541 ||| READING 2 scrolls of identify.
 12541 | Lair:4   | 12541 ||| IDENTIFYING murky amethyst potion
 12542 | Lair:4   | 12542 ||| DROPPING potion of berserk rage.
 12575 | Lair:5   | Entered Level 5 of the Lair of Beasts
 12575 | Lair:5   | Noticed an eight-headed hydra
 12576 | Lair:5   | 12576 ||| INVOKING Heroism.
 12577 | Lair:5   | 12577 ||| DRINKING potion of cancellation.
 12578 | Lair:5   | 12578 ||| STAIRDANCE
 12591 | Lair:5   | 12591 ||| STAIRDANCE
 12596 | Lair:4   | HP: 25/111 [12-headed hydra (6)]
 12597 | Lair:4   | 12597 ||| READING scroll of teleportation.
 12597 | Lair:4   | HP: 12/111 [12-headed hydra (7)]
 12598 | Lair:4   | 12598 ||| DRINKING 2 potions of heal wounds.
 12598 | Lair:4   | Slain by a 12-headed hydra

Levels and vault maps discovered:
D:1:      wander_arrival_lonely_grave, layout_loops_ring, serial_shops,
          nicolae_shop_crystal
D:2:      layout_loops_ring, hellmonk_ecumenical_altar_blasted,
          kennysheep_generic_room_3
D:3:      layout_basic, minitemple
D:4:      layout_rooms, minmay_temple_entry_antechambers
D:5:      layout_rooms, lemuel_crystal_altar
D:6:      layout_basic, gup_sewer_entry_bubbles, uniq_eustachio, uniq_pikel
D:7:      layout_basic, nicolae_dithmenos_the_darkroom,
          mainiacjoe_overflow_small_starburst, minmay_shop_damaged, hex_tiny,
          nicolae_shop_sticking_my_neck_out
D:8:      layout_basic, mainiacjoe_overflow_alcove_4, serial_shops, shop,
          chequers_arboretum
D:9:      layout_long_grid, slow_altar_1, serial_ice, serial_ice_o,
          serial_ice_c, serial_ice_k, serial_ice_d, enter_bailey_3,
          uniq_gastronok
D:10:     minmay_goldmine, layout_stronghold,
          nicolae_gozag_cash_rules_everything_around_me, serial_shops,
          shop_fountains, nicolae_shop_trees, shop, shop,
          hangedman_abyss_or_decor_stabs
D:11:     layout_rooms, dpeg_lair_monsters, orc_0_dummy
Temple:   zaba_magenta_temple
Lair:1:   layout_hall_layers, infiniplex_staircase_pool_2, grunt_megastairs_4
Lair:2:   layout_roguey, grunt_megastairs_3, lemuel_fruit_tree
Lair:3:   layout_roguey, swamp_mist, guppyfry_snake_entry_island,
          grunt_megastairs_2, lemuel_fruit_fields
Lair:4:   layout_gridlike, nicolae_slime_entry_slimehenge,
          gammafunk_ghost_wrathful_warriors
Lair:5:   evilmike_catoblepas_cave, layout_layer_cave,
          portal_ice_cave_entry_ice_simulacra

Skill      XL: |  1  2  3  4  5  6  7  8  9 10 11 12 |
---------------+-------------------------------------+-----
Unarmed Combat | 4 6 8 10 12 13 | 13.0
Shields        | 2 3 4 6 8 9 10 11 12 13 | 13.8
Throwing       | 1 2 4 5 |  5.2
Fighting       | 3 4 5 |  5.0
Armour         | 1 |  1.2
Dodging        | 1 2 |  2.1
Invocations    | 4 |  4.0
Spellcasting   | |  1.0
Fire Magic     | |  2.1

Action                   |  1- 3 |  4- 6 |  7- 9 | 10-12 || total
-------------------------+-------+-------+-------+-------++-------
Melee: Unarmed           |   121 |   119 |   157 |   420 ||   817
Throw: Boomerang         |       |     9 |     5 |       ||    14
       Large rock        |       |       |    39 |    86 ||   125
Invok: Fiery Armour      |       |     1 |     4 |     7 ||    12
       Heroism           |       |       |       |     9 ||     9
  Use: Scroll            |     6 |     3 |     8 |     9 ||    26
       Potion            |     1 |     3 |     3 |    10 ||    17
Armor: Robe              |    42 |    28 |    10 |       ||    80
       Steam dragon scal |       |       |    31 |   141 ||   172
Dodge: Dodged            |    31 |    21 |    29 |    92 ||   173
       Repelled          |       |       |       |     3 ||     3
Block: Tower shield      |    23 |    69 |    93 |   364 ||   549

Table legend:
 A = Non-vault XP
 B = Vault XP
 C = Vault XP percentage of total XP
 D = Non-vault monster count
 E = Vault monster count
 F = Vault count percentage of total count
                 A         B        C        D         E       F
            +---------+---------+-------+---------+---------+-------
      Total |   27577 |    8236 |  23.0 |     270 |      53 |  16.4
            +---------+---------+-------+---------+---------+-------
        D:1 |      37 |       0 |   0.0 |      24 |       0 |   0.0
        D:2 |      35 |       1 |   2.8 |      16 |       1 |   5.9
        D:3 |      82 |       0 |   0.0 |      22 |       0 |   0.0
        D:4 |      84 |       0 |   0.0 |      15 |       0 |   0.0
        D:5 |     528 |       0 |   0.0 |      15 |       0 |   0.0
        D:6 |    1405 |     869 |  38.2 |      23 |       9 |  28.1
        D:7 |    1102 |       0 |   0.0 |      20 |       0 |   0.0
        D:8 |    1757 |       0 |   0.0 |      26 |       0 |   0.0
        D:9 |    3679 |    2760 |  42.9 |      22 |      10 |  31.2
       D:10 |    4491 |    2817 |  38.5 |      23 |      16 |  41.0
       D:11 |     685 |      60 |   8.1 |       3 |       3 |  50.0
     Lair:1 |    5277 |     505 |   8.7 |      22 |       3 |  12.0
     Lair:2 |    1966 |     380 |  16.2 |       9 |       2 |  18.2
     Lair:3 |    4413 |     675 |  13.3 |      20 |       5 |  20.0
     Lair:4 |    2036 |     169 |   7.7 |      10 |       4 |  28.6
            +---------+---------+-------+---------+---------+-------
